AoeStats
← MeanyPanini95

Arabia

509743952Analyzed
2v2 RM · 4d ago on Sep 27, 2026· 46m 25s· 4 players
Game mode
Random Map
Map size
Medium (4 player)
Population
200
Speed
Normal
Resources
Standard
Victory
Conquest
Starting age
Dark Age
Ending age
Imperial Age
RankedLock teamsTeams togetherTeam positionsShared explorationLock speedFull tech treeHidden civsTurbo modeCheats
Victory
Defeat
🇬🇧 Huns · United Kingdom
809
+42
🇬🇧 Dravidians · United Kingdom
788
+49
🇵🇹 Mongols · Portugal
912
-20
🇵🇹 Cumans · Portugal
813
-17
eL_bArTo
1:15 Loom
10:29 Feudal Age
11:49 Wheelbarrow
11:07 Double-Bit Axe
23:05 Horse Collar
25:34 Castle Age
25:25 Bloodlines
27:06 Hand Cart
27:12 Bow Saw
27:04 Heavy Plow
29:20 Husbandry
28:41 Light Cavalry
33:02 Elite Skirmisher
36:38 Imperial Age
35:31 Forging
35:22 Padded Archer Armor
35:30 Scale Barding Armor
39:23 Heavy Cavalry Archer
40:29 Parthian Tactics
39:49 Hussar
41:09 Iron Casting
40:25 Fletching
40:56 Chain Barding Armor
40:52 Leather Archer Armor
41:42 Ballistics
41:19 Murder Holes
42:26 Chemistry
MeanyPanini95
2:34 Loom
11:27 Feudal Age
12:05 Horse Collar
12:49 Double-Bit Axe
16:55 Castle Age
21:27 Husbandry
22:33 Heavy Plow
24:54 Wheelbarrow
25:30 Forging
25:21 Scale Mail Armor
27:14 Fletching
27:25 Padded Archer Armor
27:31 Scale Barding Armor
28:46 Thumb Ring
29:31 Gold Mining
29:32 Stone Mining
31:00 Hand Cart
30:31 Town Watch
34:30 Leather Archer Armor
34:11 Bodkin Arrow
34:22 Murder Holes
35:38 Medical Corps
36:06 Chain Mail Armor
39:58 Imperial Age
38:25 Iron Casting
37:56 Town Patrol
38:11 Fortified Wall
37:29 Elite Skirmisher
37:36 Pikeman
38:03 Gambesons
38:20 Squires
38:07 Arson
40:37 Chain Barding Armor
41:09 Conscription
40:26 Halberdier
41:12 Bracer
41:47 Caravan
42:49 Ring Archer Armor
45:18 Plate Mail Armor
45:49 Blast Furnace
44:18 Elite Elephant Archer
46:27 Chemistry
Sir KuBo PC
0:28 Loom
14:25 Feudal Age
15:46 Wheelbarrow
15:01 Double-Bit Axe
18:38 Horse Collar
20:49 Arson
25:45 Bloodlines
28:59 Castle Age
27:25 Fletching
27:32 Gold Mining
27:40 Stone Mining
29:25 Forging
29:16 Padded Archer Armor
29:16 Scale Mail Armor
29:21 Scale Barding Armor
29:01 Pikeman
29:42 Squires
29:05 Capped Ram
29:11 Light Cavalry
30:28 Hand Cart
31:18 Gold Shaft Mining
31:06 Heavy Plow
32:27 Bow Saw
34:43 Bodkin Arrow
35:02 Steppe Husbandry
39:46 Masonry
43:39 Fervor
45:11 Elite Skirmisher
BlueDragon_Tuga
7:33 Loom
9:19 Feudal Age
10:44 Double-Bit Axe
16:18 Horse Collar
23:06 Castle Age
22:48 Stone Mining
22:51 Gold Mining
23:05 Fletching
23:16 Padded Archer Armor
24:10 Bow Saw
24:02 Heavy Plow
24:58 Wheelbarrow
25:59 Gold Shaft Mining
25:32 Light Cavalry
26:10 Town Watch
26:35 Scale Barding Armor
28:09 Bloodlines
27:59 Husbandry
29:25 Elite Skirmisher
31:49 Hand Cart
31:32 Bodkin Arrow
31:52 Leather Archer Armor
43:43 Imperial Age
45:25 Hussar
Connection lost

Rejoining the realm…

Still unreachable

The connection could not be restored.

Session expired

The server has moved on; the page needs a fresh start.